 Dungeon Crawl Stone Soup version 0.29-a0-1065-g47a6bb87d6 (webtiles) character file.

Game seed: 1258861422260391259

77 Newt the Shooter (level 4, -2/26 HPs)
             Began as a Kobold Hunter on Aug 18, 2022.
             Succumbed to a scorpion's poison
             ... on level 3 of the Dungeon.
             The game lasted 00:03:05 (3166 turns).

Newt the Shooter (Kobold Hunter)                    Turns: 3166, Time: 00:03:05

Health: -2/26      AC:  3    Str:  9 (10) XL:     4   Next: 60%
Magic:  4/4        EV: 14    Int:  7 (10) God:
Gold:   178        SH:  0    Dex: 17 (18) Spells: 3/3 levels left

rFire   . . .      SeeInvis .   a - +0 shortbow
rCold   . . .      Faith    .   (shield currently unavailable)
rNeg    . . .      Spirit   .   c - +0 leather armour
rPois   .          Reflect  .   (no helmet)
rElec   .          Harm     .   (no cloak)
rCorr   .          Rampage  .   (no gloves)
Will    .....                   (no boots)
Stlth   +++.......              (no amulet)
HPRegen 0.08/turn               (no ring)
MPRegen 0.09/turn               (no ring)

@: brilliant, lethally poisoned (-2 -> -23), attractive
A: small, no large weapons, nightstalker 3
a: no special abilities


You were on level 3 of the Dungeon.
You visited 1 branch of the dungeon, and saw 3 of its levels.

You collected 178 gold pieces.

Inventory:

Hand Weapons
 a - a +0 shortbow (weapon)
Armour
 c - a +0 leather armour (worn)
Scrolls
 b - 2 scrolls of immolation
 i - a scroll of identify {unknown}
 j - a scroll of acquirement {unknown}
 l - a scroll of fear {unknown}
 m - a scroll of magic mapping {unknown}
Potions
 d - a potion of degeneration
 e - a potion of brilliance
 f - a potion of ambrosia {unknown}
 g - 2 potions of attraction
 h - a potion of heal wounds {unknown}
 k - a potion of mutation {unknown}


   Skills:
 - Level 2.1 Fighting
 - Level 7.0 Ranged Weapons
 - Level 2.4 Dodging
 - Level 3.0 Stealth
 + Level 0.7 Translocations


You had 3 spell levels left.
You didn't know any spells.
Your spell library contained the following spells:

 Spells                   Type           Power      Damage    Failure   Level
 Sandblast                Erth           0%         2d4       54%         1
 Sting                    Tmut/Pois      0%         1d3       54%         1
 Blink                    Tloc           2%         N/A       58%         2
 Passwall                 Tmut/Erth      0%         N/A       69%         2
 Dazzling Flash           Conj/Hex       0%         N/A       89%         3
 Stone Arrow              Conj/Erth      0%         3d7       89%         3
 Iskenderun's Mystic Bla  Conj/Tloc      0%         2d3       99%         4
 Flame Wave               Conj/Fire      0%         2d4       100%        4
 Ice Form                 Ice/Tmut       0%         N/A       100%        4
 Manifold Assault         Tloc           1%         N/A       100%        5
 Starburst                Conj/Fire      0%         6d3       100%        6
 Storm Form               Tmut/Air       0%         N/A       100%        7
 Borgnjor's Revivificati  Necr           0%         N/A       100%        8
 Necromutation            Tmut/Necr      0%         N/A       100%        8
 Death's Door             Necr           0%         N/A       100%        9


Dungeon Overview and Level Annotations

Branches:
Dungeon (3/15)

Altars:
Elyvilon
Zin


Innate Abilities, Weirdness & Mutations

You are small and have problems with some larger weapons.
You are completely attuned to the shadows.


Message History

Found a scale mail.
A bat comes into view.
The bat moves out of view.
m - a scroll labelled ETEYTO IWOMATH A bat is nearby!
You shoot an arrow. The arrow misses the bat.
The bat barely misses you.
You shoot an arrow. The arrow hits the bat.
You kill the bat!
A bat comes into view.
An endoplasm comes into view.
You shoot an arrow. The arrow barely misses the bat.
The bat misses you. The bat barely misses you.
You shoot an arrow. The arrow hits the bat!
You kill the bat!
You shoot an arrow. The arrow hits the endoplasm.
You kill the endoplasm!
A scorpion comes into view.
You shoot an arrow.
The arrow hits the scorpion but does no damage.
The scorpion stings you!
You are poisoned.
The scorpion poisons you!
Unknown command.
Okay, then.
It was a potion of attraction.
You feel attractive to monsters.
You feel very sick. The scorpion stings you.
A giant cockroach comes into view.
The giant cockroach is attracted toward you.
It was a potion of brilliance.
You feel clever all of a sudden.
You feel very sick. The scorpion stings you!
* * * LOW HITPOINT WARNING * * *
You are more poisoned.
The scorpion poisons you!
It was a potion of degeneration.
There was something very wrong with that liquid.
You feel weakened.
You feel dopey.
You feel clumsy.
You die...

####.###.
#.# #.#
#.# #[#
#.# #.#
##
#.###...
#.#@s...
#.B.###.
#..##
#[ยง#
##.. #...


You could see a scorpion and a giant cockroach.

Vanquished Creatures
  Jessica (D:3)
  An adder (D:2)
  2 worms
  A dart slug (D:2)
  An orc (D:3)
  5 endoplasms
  2 giant cockroaches
  2 goblins
  2 hobgoblins
  7 kobolds
  2 ball pythons
  6 bats
  A frilled lizard (D:1)
  4 rats
37 creatures vanquished.

Notes
Turn   | Place    | Note
-------+----------+-------------------------------------------
     0 | D:1      | Newt the Kobold Hunter began the quest for the Orb.
     0 | D:1      | Reached XP level 1. HP: 12/12 MP: 1/1
   137 | D:1      | Got the Almanac of Conflict and Permutations
   824 | D:1      | Reached XP level 2. HP: 17/17 MP: 2/2
  1117 | D:1      | Found a faded altar of an unknown god.
  2144 | D:2      | Found a glowing silver altar of Zin.
  2355 | D:2      | Reached XP level 3. HP: 21/21 MP: 3/3
  2406 | D:2      | Reached skill level 6 in Ranged Weapons
  3000 | D:3      | Found a white marble altar of Elyvilon.
  3031 | D:3      | Noticed Jessica
  3034 | D:3      | Killed Jessica
  3035 | D:3      | Reached skill level 7 in Ranged Weapons
  3035 | D:3      | Reached XP level 4. HP: 26/26 MP: 4/4
  3162 | D:3      | Noticed a scorpion
  3166 | D:3      | Succumbed to a scorpion's poison

Illustrated notes

Levels and vault maps discovered:
D:1:      erik_arrival_cave_to_civilisation [erik_arrival_cave_to_hall],
          layout_loops_corners, hellmonk_ecumenical_altar_zigzags,
          minmay_misc_feat_nine_boxes, st_stairs_11
D:2:      layout_basic, basic_altar
D:3:      layout_loops_ring, nicolae_elyvilon_peaceful_grove, minmay_vboxes,
          uniq_jessica

Skill      XL: |  1  2  3 |
---------------+----------+-----
Stealth        | 2 3 |  3.0
Ranged Weapons | 7 |  7.0
Fighting       | |  2.1
Dodging        | |  2.4
Translocations | |  0.7

Action                   |  1- 3 |  4- 6 || total
-------------------------+-------+-------++-------
 Fire: Shortbow          |   106 |    17 ||   123
  Use: Potion            |       |     3 ||     3
Armor: Leather armour    |     7 |     1 ||     8
Dodge: Dodged            |    47 |     6 ||    53

Table legend: (Time is in decaauts)
 A = Elapsed time spent in this place.
 B = Non-inter-level travel time spent in this place.
 C = Inter-level travel time spent in this place.
 D = Time resting spent in this place.
 E = Time spent auto-exploring this place.
 F = Levels seen in this place.
 G = Mean time per level.
                   A        B        C        D        E       F      G
               +--------+--------+--------+--------+--------+-----+--------+
         Total |   3196 |   3147 |     49 |   1007 |   1872 |   3 | 1065.3 |
       Dungeon |   3196 |   3147 |     49 |   1007 |   1872 |   3 | 1065.3 |
               +--------+--------+--------+--------+--------+-----+--------+

Top non-repeatable levels by time:
     D:1: 1706 daAuts
     D:2: 1147 daAuts
     D:3: 342 daAuts
